 Dungeon Crawl Stone Soup version 0.32-a0-468-g38b2580584 (webtiles) character file.

Game seed: 16182324017034284862

7 Sabo the Chopper (level 1, 0/19 HPs)
             Began as a Mountain Dwarf Monk on Feb 24, 2024.
             Slain by a gnoll
             ... wielding a +0 whip
              (5 damage)
             ... on level 1 of the Dungeon.
             The game lasted 00:01:40 (313 turns).

Sabo the Chopper (Mountain Dwarf Monk)               Turns: 313, Time: 00:01:40

Health: 0/19       AC:  2    Str: 13    XL:     1   Next: 83%
Magic:  10/10      EV: 12    Int: 10    God:
Gold:   50         SH:  0    Dex: 12    Spells: 0/0 levels left

rFire   . . .        a - +0 hand axe
rCold   . . .        d - orb {light}
rNeg    . . .        b - +0 robe
rPois   .            (no helmet)
rElec   .            (no cloak)
rCorr   .            (no gloves)
SInv    .            (no boots)
Will    .....        (no amulet)
Stlth   +            e - ring of magical power
HPRegen 0.23/turn    (no ring)
MPRegen 0.12/turn

%: no passive effects
@: glowing
A: runic magic, artefact enchanting
a: no special abilities


You were on level 1 of the Dungeon.
You visited 1 branch of the dungeon, and saw 1 of its levels.

You collected 50 gold pieces.

Inventory:

Hand Weapons
 a - a +0 hand axe (weapon)
Missiles
 g - 2 poisoned darts (quivered)
 j - 3 javelins
Armour
 b - a +0 robe (worn)
 d - an orb of light (worn)
Jewellery
 e - a ring of magical power (left hand)
Scrolls
 h - a scroll of teleportation {unknown}
Potions
 c - a potion of ambrosia
 f - a potion of mutation {unknown}
 i - a potion of attraction {unknown}


   Skills:
 + Level 3.4 Fighting
 + Level 3.8 Axes
 + Level 2.3 Dodging


You couldn't memorise any spells.
You didn't know any spells.
Your spell library contained the following spells:

 Spells                   Type           Power      Damage    Failure   Level
 Sandblast                Erth           0%         2d4       36%         1
 Static Discharge         Conj/Air       0%         3-3/arc   50%         2
 Passwall                 Erth           0%         N/A       75%         3
 Stone Arrow              Conj/Erth      0%         3d7       75%         3
 Airstrike                Air            0%         2d(0-16)  98%         4
 Brom's Barrelling Bould  Conj/Erth      0%         2d3       98%         4
 Summon Lightning Spire   Summ/Air       0%         N/A       98%         4


Dungeon Overview and Level Annotations

Branches:
Dungeon (1/15)

Altars:

Shops:
D:1 [


Innate Abilities, Weirdness & Mutations

Your spellcasting is much less encumbered by armour.
You can use scrolls of enchantment on lesser artefacts.


Message History

You kill the jackal!
You see here a jackal corpse.
You start resting.
HP restored.
Found Ymony's Antique Armour Shop.
There is an entrance to Ymony's Antique Armour Shop here.
A rat comes into view.
Found 3 stones.
The rat bites you but does no damage.
You hit the rat.
You kill the rat!
You see here a rat corpse.
Found 17 gold pieces.
A bat and a gnoll come into view.
The gnoll shouts!
You see here 3 stones.
The bat barely misses you.
You now have 50 gold pieces (gained 17).
The bat hits you.
You barely miss the bat. The bat hits you but does no damage. x2
The bat barely misses you.
You closely miss the bat. The bat barely misses you.
The bat closely misses you.
You hit the bat.
You kill the bat!
You hit the gnoll.
The gnoll is moderately wounded.
The gnoll hits you with a +0 whip.
You barely miss the gnoll.
The gnoll is moderately wounded.
The gnoll barely misses you.
You hit the gnoll but do no damage.
The gnoll is moderately wounded.
The gnoll hits you with a +0 whip!
* * * LOW HITPOINT WARNING * * *
The gnoll closely misses you.
You slash the gnoll!
The gnoll is severely wounded.
The gnoll hits you with a +0 whip.
You die...

#.# ##.###.#
#.# #.###.###
#.# #........
#.# #####.###
#†# #.# #.#
#.# #.# #.#
#.#########.##
#.#
#.(.g@........
...
#..########...
.#. #..#
......
####.##.# #g#
# ... ... .##


You could see a gnoll.

Vanquished Creatures
  An endoplasm (D:1)
  3 jackals (D:1)
  A bat (D:1)
  A rat (D:1)
6 creatures vanquished.

Notes
Turn   | Place    | Note
-------+----------+-------------------------------------------
     0 | D:1      | Sabo the Mountain Dwarf Monk began the quest for the Orb.
     0 | D:1      | Reached XP level 1. HP: 19/19 MP: 1/1
   281 | D:1      | Found Ymony's Antique Armour Shop.
   313 | D:1      | Slain by a gnoll

Illustrated notes

Levels and vault maps discovered:
D:1:      lightli_arrival_chessboard, layout_loops_ring, serial_shops, shop,
          minmay_tetromino_i4

Action                     || total
---------------------------++-------
  Melee: Hand axe          ||    21
 Armour: Robe              ||    15
  Dodge: Dodged            ||    12

Table legend: (Time is in decaauts)
 A = Elapsed time spent in this place.
 B = Non-inter-level travel time spent in this place.
 C = Inter-level travel time spent in this place.
 D = Time resting spent in this place.
 E = Time spent auto-exploring this place.
 F = Levels seen in this place.
 G = Mean time per level.
                   A        B        C        D        E       F      G
               +--------+--------+--------+--------+--------+-----+--------+
         Total |    315 |    315 |      0 |    123 |      0 |   1 |  315.0 |
       Dungeon |    315 |    315 |      0 |    123 |      0 |   1 |  315.0 |
               +--------+--------+--------+--------+--------+-----+--------+

Top non-repeatable levels by time:
     D:1: 315 daAuts
